PBL
CALGARY FLAMES @ ROSWELL INVADERS
09/07/2049
 
TOP OF THE 1ST
Calgary Flames batting - Pitching for Roswell Invaders : RHP Andy Darnell
Pitching: RHP Andy Darnell
Batting: SHB Yu-hsui Lew 0-0: Ball
1-0: Ball
2-0: Ball
3-0: Called Strike
3-1: SOLO HOME RUN (Flyball, 9LD, EV 93.8 MPH), Distance : 354 ft
Batting: RHB Andre Thompson 0-0: Called Strike
0-1: Foul Ball, location: 2F
0-2: SOLO HOME RUN (Line Drive, 7D, EV 101.2 MPH), Distance : 383 ft
Batting: LHB Li-zhu Song 0-0: Ball
1-0: Fly out, F7 (Flyball, 78S, EV 92.5 MPH)
Batting: SHB Steve Wipf 0-0: Ball
1-0: Ball
2-0: Called Strike
2-1: Ground out 4-3 (Groundball, 4, EV 84.4 MPH)
Batting: RHB Tyler Johnson 0-0: Called Strike
0-1: Ball
1-1: Ball
2-1: Foul Ball, location: 2F
2-2: Ground out 6-3 (Groundball, 6, EV 110.0 MPH)
Top of the 1st over - 2 runs, 2 hits, 0 errors, 0 left on base; Calgary 2 - Roswell 0
BOTTOM OF THE 1ST
Roswell Invaders batting - Pitching for Calgary Flames : RHP Bruce Boivin
Pitching: RHP Bruce Boivin
Batting: LHB Marshall Rives 0-0: Called Strike
0-1: Ball
1-1: Foul Ball, location: 2F
1-2: Ball
2-2: Ball
3-2: Fly out, F5 (Popup, 25F, EV 91.9 MPH)
Batting: RHB T.J. House 0-0: Ball
1-0: Ball
2-0: Ball
3-0: Called Strike
3-1: Called Strike
3-2: Strikes out looking
Batting: RHB Juan Mejia 0-0: Called Strike
0-1: Swinging Strike
0-2: Foul Ball, location: 2F
0-2: Foul Ball, location: 2F
0-2: Ball
1-2: Ball
2-2: Ground out 4-3 (Groundball, 4, EV 106.2 MPH)
Bottom of the 1st over - 0 runs, 0 hits, 0 errors, 0 left on base; Calgary 2 - Roswell 0
TOP OF THE 2ND
Calgary Flames batting - Pitching for Roswell Invaders : RHP Andy Darnell
Batting: RHB Juan Mercado 0-0: Ball
1-0: Foul Ball, location: 2F
1-1: Ball
2-1: Fly out, F7 (Flyball, 7D, EV 99.4 MPH)
Batting: RHB Juan Maravilla 0-0: Ball
1-0: Ball
2-0: Foul Ball, location: 2F
2-1: Foul Ball, location: 2F
2-2: SOLO HOME RUN (Flyball, 7LD, EV 93.1 MPH), Distance : 347 ft
Batting: LHB Greg Robertson 0-0: Ground out 5-3 (Groundball, 56S, EV 66.9 MPH)
Batting: RHB Chad Stady 0-0: Called Strike
0-1: Ball
1-1: Foul Ball, location: 2F
1-2: Ball
2-2: Strikes out looking
Top of the 2nd over - 1 run, 1 hit, 0 errors, 0 left on base; Calgary 3 - Roswell 0
BOTTOM OF THE 2ND
Roswell Invaders batting - Pitching for Calgary Flames : RHP Bruce Boivin
Batting: LHB Ivan Cortez 0-0: Called Strike
0-1: Ball
1-1: Fly out, F1 (Line Drive, P, EV 66.2 MPH)
Batting: LHB Andrew Moore 0-0: Ball
1-0: Fly out, F7 (Flyball, 78M, EV 91.2 MPH)
Batting: LHB Andy Fischer 0-0: Fly out, F2 (Popup, 25F, EV 77.5 MPH)
Bottom of the 2nd over - 0 runs, 0 hits, 0 errors, 0 left on base; Calgary 3 - Roswell 0
TOP OF THE 3RD
Calgary Flames batting - Pitching for Roswell Invaders : RHP Andy Darnell
Batting: SHB Yu-hsui Lew 0-0: SINGLE (Groundball, 34D, EV 101.9 MPH)
Batting: RHB Andre Thompson 0-0: Swinging Strike
0-1: Foul Ball, location: 2F
0-2: Ball
1-2: Strikes out swinging
Batting: LHB Li-zhu Song 0-0: Ball
1-0: Fly out, F7 (Line Drive, 78M, EV 90.6 MPH)
Batting: SHB Steve Wipf 0-0: Called Strike
0-1: Swinging Strike
0-2: Ball
1-2: SINGLE (Groundball, 6S, EV 72.5 MPH) (infield hit)
Yu-hsui Lew to second
Batting: RHB Tyler Johnson 0-0: Foul Ball, location: 2F
0-1: Foul Ball, location: 2F
0-2: Ball
1-2: Ball
Wild Pitch!
Yu-hsui Lew to third
Steve Wipf to second
2-2: Strikes out looking
Top of the 3rd over - 0 runs, 2 hits, 0 errors, 2 left on base; Calgary 3 - Roswell 0
BOTTOM OF THE 3RD
Roswell Invaders batting - Pitching for Calgary Flames : RHP Bruce Boivin
Batting: RHB Benjie Alejandro 0-0: Ground out 1-3 (Groundball, 15S, EV 64.4 MPH)
Batting: RHB Dan Long 0-0: Foul Ball, location: 2F
0-1: Ball
1-1: Ball
2-1: Swinging Strike
2-2: Strikes out swinging
Batting: SHB Sandy Burke 0-0: Called Strike
0-1: Called Strike
0-2: Ball
1-2: Strikes out swinging
Bottom of the 3rd over - 0 runs, 0 hits, 0 errors, 0 left on base; Calgary 3 - Roswell 0
TOP OF THE 4TH
Calgary Flames batting - Pitching for Roswell Invaders : RHP Andy Darnell
Batting: RHB Juan Mercado 0-0: Ball
1-0: Ball
2-0: Called Strike
2-1: SINGLE (Flyball, 6MD, EV 93.8 MPH)
Batting: RHB Juan Maravilla 0-0: Ball
1-0: Foul Ball, location: 2F
1-1: Swinging Strike
1-2: Foul Ball, location: 2F
1-2: Foul Ball, location: 2F
1-2: Strikes out swinging
Batting: LHB Greg Robertson 0-0: Called Strike
0-1: Reached on error, E4 (Groundball, 4, EV 95.6 MPH)
Juan Mercado to second
Batting: RHB Chad Stady 0-0: Foul Ball, location: 2F
0-1: Swinging Strike
0-2: Ball
1-2: Ball
2-2: Strikes out looking
Batting: SHB Yu-hsui Lew 0-0: Foul Ball, location: 2F
0-1: Foul Ball, location: 2F
0-2: Ball
1-2: Fly out, F9 (Line Drive, 9LM, EV 100.6 MPH)
Top of the 4th over - 0 runs, 1 hit, 1 error, 2 left on base; Calgary 3 - Roswell 0
BOTTOM OF THE 4TH
Roswell Invaders batting - Pitching for Calgary Flames : RHP Bruce Boivin
Batting: LHB Marshall Rives 0-0: Ball
1-0: Foul Ball, location: 2F
1-1: Ball
2-1: Ball
3-1: Swinging Strike
3-2: Ground out 4-3 (Groundball, 4, EV 87.5 MPH)
Batting: RHB T.J. House 0-0: Ball
1-0: Called Strike
1-1: Foul Ball, location: 2F
1-2: Ball
2-2: Ball
3-2: Strikes out swinging
Batting: RHB Juan Mejia 0-0: Ball
1-0: Ball
2-0: Called Strike
2-1: Ball
3-1: Foul Ball, location: 2F
3-2: Fly out, F8 (Flyball, 89M, EV 78.8 MPH)
Bottom of the 4th over - 0 runs, 0 hits, 0 errors, 0 left on base; Calgary 3 - Roswell 0
TOP OF THE 5TH
Calgary Flames batting - Pitching for Roswell Invaders : RHP Andy Darnell
Batting: RHB Andre Thompson 0-0: Swinging Strike
0-1: Foul Ball, location: 2F
0-2: Strikes out swinging
Batting: LHB Li-zhu Song 0-0: Foul Ball, location: 2F
0-1: Ball
1-1: Foul Ball, location: 2F
1-2: Strikes out swinging
Batting: SHB Steve Wipf 0-0: DOUBLE (Line Drive, 89D, EV 111.9 MPH)
Batting: RHB Tyler Johnson 0-0: Called Strike
0-1: Foul Ball, location: 2F
0-2: Foul Ball, location: 2F
0-2: Ball
1-2: Ball
2-2: Ball
3-2: Foul Ball, location: 2F
3-2: Foul Ball, location: 2F
3-2: Ground out 6-3 (Groundball, 6, EV 101.2 MPH)
Top of the 5th over - 0 runs, 1 hit, 0 errors, 1 left on base; Calgary 3 - Roswell 0
BOTTOM OF THE 5TH
Roswell Invaders batting - Pitching for Calgary Flames : RHP Bruce Boivin
Batting: LHB Ivan Cortez 0-0: Called Strike
0-1: Foul Ball, location: 2F
0-2: Strikes out swinging
Batting: LHB Andrew Moore 0-0: Ball
1-0: Ball
2-0: Ground out U3 (Groundball, 3, EV 94.4 MPH)
Batting: LHB Andy Fischer 0-0: Ball
1-0: Foul Ball, location: 2F
1-1: Ball
2-1: Foul Ball, location: 2F
2-2: Fly out, F8 (Flyball, 8RM, EV 91.9 MPH)
Bottom of the 5th over - 0 runs, 0 hits, 0 errors, 0 left on base; Calgary 3 - Roswell 0
TOP OF THE 6TH
Calgary Flames batting - Pitching for Roswell Invaders : RHP Andy Darnell
Batting: RHB Juan Mercado 0-0: Called Strike
0-1: Called Strike
0-2: Ball
1-2: Ball
2-2: Strikes out swinging
Batting: RHB Juan Maravilla 0-0: Foul Ball, location: 2F
0-1: Ball
1-1: Ball
2-1: Called Strike
2-2: Ball
3-2: Base on Balls
Batting: LHB Greg Robertson 0-0: Ball
1-0: Foul Ball, location: 2F
1-1: Swinging Strike
1-2: Strikes out looking
Batting: RHB Chad Stady 0-0: Ball
1-0: Called Strike
1-1: Swinging Strike
1-2: Strikes out swinging
Top of the 6th over - 0 runs, 0 hits, 0 errors, 1 left on base; Calgary 3 - Roswell 0
BOTTOM OF THE 6TH
Roswell Invaders batting - Pitching for Calgary Flames : RHP Bruce Boivin
Batting: RHB Benjie Alejandro 0-0: Called Strike
0-1: Ball
1-1: Ball
2-1: Ball
3-1: Called Strike
3-2: SINGLE (Groundball, 6S, EV 99.4 MPH)
Batting: RHB Dan Long 0-0: Foul Ball, location: 2F
0-1: Ball
1-1: Ball
2-1: Ball
3-1: Swinging Strike
3-2: SINGLE (Flyball, 78M, EV 91.9 MPH)
Benjie Alejandro to second
Batting: SHB Sandy Burke 0-0: Fly out, F7 (Flyball, 7LSF, EV 93.8 MPH)
Pinch Hitting: LHB Nick Walker 0-0: Ball
1-0: Called Strike
1-1: Foul Ball, location: 2F
1-2: Grounds into double play, U6-3 (Groundball, 4M, EV 88.1 MPH)
Bottom of the 6th over - 0 runs, 2 hits, 0 errors, 1 left on base; Calgary 3 - Roswell 0
TOP OF THE 7TH
Calgary Flames batting - Pitching for Roswell Invaders : RHP Andy Darnell
Pitching: LHP Tin-jong Que
Now in RF: Nick Walker
Batting: SHB Yu-hsui Lew 0-0: Called Strike
0-1: DOUBLE (Line Drive, 7LM, EV 113.1 MPH)
Batting: RHB Andre Thompson 0-0: Intentional Walk
Batting: LHB Li-zhu Song 0-0: Called Strike
0-1: Ball
1-1: Foul Ball, location: 2F
1-2: Strikes out looking
Batting: SHB Steve Wipf 0-0: Ball
1-0: Called Strike
1-1: Fielders Choice at 2nd, 6-4 (Groundball, 6, EV 78.1 MPH)
Yu-hsui Lew to third
Batting: RHB Tyler Johnson 0-0: Called Strike
0-1: Foul Ball, location: 2F
0-2: Ball
1-2: Foul Ball, location: 2F
1-2: Foul Ball, location: 2F
1-2: Ball
2-2: Ball
3-2: Foul Ball, location: 2F
3-2: Foul Ball, location: 2F
3-2: Foul Ball, location: 2F
3-2: 3-RUN HOME RUN (Flyball, 78XD, EV 113.8 MPH), Distance : 417 ft
Batting: RHB Juan Mercado 0-0: Foul Ball, location: 2F
0-1: Ball
1-1: Foul Ball, location: 2F
1-2: Ball
2-2: SOLO HOME RUN (Flyball, 89XD, EV 116.2 MPH), Distance : 436 ft
Pitching: RHP Shane Meier
Batting: RHB Juan Maravilla 0-0: Ball
1-0: Ball
2-0: Ball
3-0: Base on Balls
Pinch Hitting: RHB Andy Thomas 0-0: Ball
1-0: Reached on error, E5 (Groundball, 5S, EV 85.0 MPH)
Juan Maravilla to second
Batting: RHB Chad Stady 0-0: Called Strike
0-1: Ball
1-1: Ball
2-1: Swinging Strike
2-2: Foul Ball, location: 2F
2-2: Foul Ball, location: 2F
2-2: Foul Ball, location: 2F
2-2: Foul Ball, location: 2F
2-2: Foul Ball, location: 2F
2-2: Ball
Wild Pitch!
Juan Maravilla to third
Andy Thomas to second
3-2: Foul Ball, location: 2F
3-2: Base on Balls
Batting: SHB Yu-hsui Lew 0-0: Ground out 4-3 (Groundball, 4, EV 84.4 MPH)
Top of the 7th over - 4 runs, 3 hits, 1 error, 3 left on base; Calgary 7 - Roswell 0
BOTTOM OF THE 7TH
Roswell Invaders batting - Pitching for Calgary Flames : RHP Bruce Boivin
Pitching: RHP Vicente Gonzalez
Now in RF: Alejandro Patron
Pinch Hitting: RHB Jason Hanson 0-0: Ball
1-0: Swinging Strike
1-1: Foul Ball, location: 2F
1-2: Foul Ball, location: 2F
1-2: Strikes out looking
Batting: RHB Juan Mejia 0-0: Ball
1-0: Ball
2-0: Foul Ball, location: 2F
2-1: Swinging Strike
2-2: Strikes out swinging
Batting: LHB Ivan Cortez 0-0: Ground out 5-3 (Groundball, 56, EV 90.0 MPH)
Bottom of the 7th over - 0 runs, 0 hits, 0 errors, 0 left on base; Calgary 7 - Roswell 0
TOP OF THE 8TH
Calgary Flames batting - Pitching for Roswell Invaders : RHP Shane Meier
Now at 1B: Jason Hanson
Batting: RHB Andre Thompson 0-0: SINGLE (Groundball, 56D, EV 98.1 MPH)
Batting: LHB Li-zhu Song 0-0: SINGLE (Groundball, 34D, EV 98.8 MPH)
Andre Thompson to second
Runner from 2nd tries for 3rd, SAFE, throw by RF made to third
Pinch Hitting: RHB Matt Parkinson 0-0: Grounds into double play, 3-6-1 (Groundball, 3S, EV 88.8 MPH)
Andre Thompson scores
Batting: RHB Tyler Johnson 0-0: Ball
1-0: SINGLE (Flyball, 3D, EV 90.0 MPH)
Batting: RHB Juan Mercado 0-0: Ball
1-0: Ball
2-0: Ball
3-0: Called Strike
3-1: Foul Ball, location: 2F
3-2: Strikes out looking
Top of the 8th over - 1 run, 3 hits, 0 errors, 1 left on base; Calgary 8 - Roswell 0
BOTTOM OF THE 8TH
Roswell Invaders batting - Pitching for Calgary Flames : RHP Vicente Gonzalez
Now at 1B: Bruce Daley
Batting: LHB Andrew Moore 0-0: Called Strike
0-1: Foul Ball, location: 2F
0-2: Ball
1-2: Foul Ball, location: 2F
1-2: Strikes out swinging
Batting: LHB Andy Fischer 0-0: Ball
1-0: Ball
2-0: Called Strike
2-1: Ball
3-1: Base on Balls
Batting: RHB Benjie Alejandro 0-0: Called Strike
0-1: Ball
Wild Pitch!
Andy Fischer to second
1-1: Foul Ball, location: 2F
1-2: Ball
2-2: Strikes out swinging
Batting: RHB Hidemitsu Matsuno 0-0: Hit by Pitch
Batting: SHB Sandy Burke 0-0: Ball
1-0: Called Strike
1-1: Foul Ball, location: 2F
1-2: Fielders Choice at 2nd, 5-6 (Groundball, 6, EV 97.5 MPH)
Bottom of the 8th over - 0 runs, 0 hits, 0 errors, 2 left on base; Calgary 8 - Roswell 0
TOP OF THE 9TH
Calgary Flames batting - Pitching for Roswell Invaders : RHP Shane Meier
Pitching: LHP Tim Voshell
Batting: RHB Juan Maravilla 0-0: Ball
1-0: Fly out, F8 (Line Drive, 89M, EV 97.5 MPH)
Batting: RHB Alejandro Patron 0-0: Called Strike
0-1: Foul Ball, location: 2F
0-2: Foul Ball, location: 2F
0-2: Ball
1-2: Ball
2-2: Ground out 6-3 (Groundball, 6, EV 89.4 MPH)
Pinch Hitting: RHB Willie Torres 0-0: Called Strike
0-1: Foul Ball, location: 2F
0-2: Foul Ball, location: 2F
0-2: Ball
1-2: Ball
2-2: Ball
3-2: Ground out 5-3 (Groundball, 56S, EV 87.5 MPH)
Top of the 9th over - 0 runs, 0 hits, 0 errors, 0 left on base; Calgary 8 - Roswell 0
BOTTOM OF THE 9TH
Roswell Invaders batting - Pitching for Calgary Flames : RHP Vicente Gonzalez
Now at C: Shawnie Codbucket
Batting: LHB Nick Walker 0-0: Called Strike
0-1: Ball
1-1: Fly out, F8 (Flyball, 8LD, EV 89.4 MPH)
Batting: RHB Jason Hanson 0-0: Foul Ball, location: 2F
0-1: Called Strike
0-2: Ball
1-2: Strikes out swinging
Batting: RHB Juan Mejia 0-0: Called Strike
0-1: Ball
1-1: Foul Ball, location: 2F
1-2: Foul Ball, location: 2F
1-2: Ball
2-2: Foul Ball, location: 2F
2-2: Ball
3-2: Fly out, F6 (Flyball, 6MD, EV 86.2 MPH)
Bottom of the 9th over - 0 runs, 0 hits, 0 errors, 0 left on base; Calgary 8 - Roswell 0
Sunday, July 16th , 2023 - OOTP Baseball 24.6 Build 69